 Dungeon Sprint DCSS version 0.17-a0-1636-g3119f2b (webtiles) character file.

1281 Kidiri the Covert (level 8, -4/36 HPs)
             Began as a Spriggan Enchanter on Aug 5, 2015.
             Slain by a kraken (40 damage)
             ... in the Dungeon (Sprint II: "The Violet Keep of Menkaure").
             The game lasted 00:06:58 (480 turns).

Kidiri the Covert (Spriggan Enchanter)               Turns: 480, Time: 00:06:58

Health: -4/36      AC:  4    Str:  4    XL:     8   Next: 29%
Magic:  13/23      EV: 29    Int: 17    God:
Gold:   280        SH:  0    Dex: 18    Spells: 8 memorised, 1 level left

rFire  . . .     SeeInvis +     a - +1 dagger
rCold  . . .     Clarity  .     f - +2 robe
rNeg   . . .     SustAt   .     (shield restricted)
rPois  .         Gourm    .     (helmet restricted)
rElec  .         Spirit   .     (no cloak)
rCorr  .         Warding  .     (gloves unavailable)
rMut   .         NoTele   +     (boots unavailable)
MR     +....                    (no amulet)
Stlth  +++++++...               (no ring)
                                (no ring)

@: very quick, somewhat resistant to hostile enchantments, extremely stealthy
A: unfitting armour, see invisible, herbivore 3, speed 3, slow metabolism 2
a: no special abilities


You were in the Dungeon.
You were not hungry.

You visited 1 branch You collected 983 gold pieces.
You spent 703 gold pieces at shops.

Inventory:

Hand weapons
 a - a +1 dagger (weapon)
Armour
 b - a +1 robe
 f - a +2 robe (worn)
Scrolls
 j - 2 scrolls of blinking
 k - 2 scrolls of identify
Potions
 e - a potion of curing
 g - a potion of haste
 h - 2 potions of magic
Books
 c - a book of Maledictions

   Spells                             Type                      Level
   a - Corona                         Hexes                        1
   b - Ensorcelled Hibernation        Hexes/Ice                    2
   c - Confuse                        Hexes                        3
   d - Tukima's Dance                 Hexes                        3
   e - Dazzling Spray                 Conjuration/Hexes            3
 i - a book of Clouds

   Spells                             Type                      Level
   a - Mephitic Cloud                 Conjuration/Poison/Air       3
   b - Conjure Flame                  Conjuration/Fire             3
   c - Poisonous Cloud                Conjuration/Poison/Air       6
   d - Freezing Cloud                 Conjuration/Ice/Air          6
   e - Ring of Flames                 Charms/Fire                  7
Comestibles
 d - a bread ration


   Skills:
 + Level 6.7 Short Blades
 * Level 12.5 Dodging
 * Level 13.7 Stealth
 * Level 10.8 Spellcasting
 + Level 2.8 Conjurations
 + Level 8.3 Hexes
 + Level 2.9 Ice Magic
 + Level 0.0 Air Magic
 + Level 0.0 Poison Magic


You had one spell level left.
You knew the following spells:

 Your Spells              Type           Power        Failure   Level  Hunger
a - Corona                Hex            #####..      1%          1    None
b - Ensorcelled Hibernat  Hex/Ice        ####..       1%          2    None
c - Confuse               Hex            #####...     1%          3    None
d - Tukima's Dance        Hex            #####...     1%          3    None
e - Dazzling Spray        Conj/Hex       ####....     2%          3    None
f - Mephitic Cloud        Conj/Pois/Air  ##......     17%         3    None
g - Freezing Cloud        Conj/Ice/Air   ###.......   100%        6    ######.
h - Poisonous Cloud       Conj/Pois/Air  ##........   100%        6    ######.


Dungeon Overview and Level Annotations

Branches:
Dungeon (1/1)

Altars:

Shops:
D :=%!:[!=:((??([}

Annotations:
D exclusion: oklob plant


Innate Abilities, Weirdness & Mutations

You are tiny and cannot use many weapons and most armour.
You have supernaturally acute eyesight.
You are a herbivore.
You cover ground extremely quickly.
You need consume almost no food.


Message History

The spray of energy hits the kraken.
The kraken is lightly wounded.
The kraken is dazzled.
The kraken is engulfed in noxious fumes.
The kraken appears confused.
Really walk into a travel-excluded area?
You hit the kraken but do no damage.
The kraken is lightly wounded.
You hit the kraken but do no damage.
The kraken is lightly wounded.
You hit the kraken but do no damage.
The kraken is lightly wounded.
You hit the kraken but do no damage.
The kraken is lightly wounded.
You catch the helpless kraken completely off-guard!
You impale the kraken!!
The kraken is moderately wounded.
The kraken bites you!!!
Ouch! That really hurt!
You die...

#≈≈≈.........#,,+,,,,*,,*,,*,,,,,
#≈≈≈≈.##+##..#,,****,*,,*,,*,,,,,
#≈≈≈≈##.#.##.####,,+,****,,*,,,,,
#≈≈≈≈#.###.#,...#,,*,,,*****,,,,,
#≈≈####%#.####..##***,,**,**,,,,,
#≈##.###'###.##..#,,+,,*,,**,,,,,
#≈#.%.##.##...#..#,,*,,*,,**,,,,,
+≈+###'.<.'##.'..###*,,**,**,,,,,
#≈#...##.##...#.@..#**,,,********
#≈##.###'###.##X....§≈≈≈≈≈≈≈≈≈≈≈≈
#≈≈#####.#####≈≈...§§≈#+#*******+
##≈≈≈#..#..#≈≈≈≈≈§≈..≈#..,,,_,_*≈
*#+#≈##.#.##≈≈≈≈§≈≈§.§#..,,_,_,*≈
*#.#≈≈##'##≈≈≈§≈§§≈≈§≈#..,_,_,_*≈
≈####≈≈≈≈≈≈≈≈≈≈≈§≈≈≈§≈#.._,_,_,*≈
≈,*,#+++#+++#≈≈≈≈§≈≈≈§#.⌠,_,_,_*≈
,≈***,,zzzz,**≈≈≈***≈≈*,,_,_,_,*≈


You could see a kraken (confused).

Vanquished Creatures
  2 boulder beetles (D)
  Menkaure (D)
  2 hippogriffs (D)
  A vampire mosquito (D)
  4 necrophages (D)
  4 worker ants (D)
14 creatures vanquished.

Vanquished Creatures (others)
  8 tentacles (D)
  12 tentacle segments (D)
20 creatures vanquished.

Grand Total: 34 creatures vanquished

Notes
Turn   | Place    | Note
--------------------------------------------------------------
     0 | D        | Kidiri the Spriggan Enchanter began the quest for the Orb.
     0 | D        | Reached XP level 1. HP: 9/9 MP: 5/5
     1 | D        | Noticed a boulder beetle
     1 | D        | Noticed a boulder beetle
     5 | D        | Noticed a hippogriff
     5 | D        | Noticed a hippogriff
     9 | D        | Noticed a worker ant
     9 | D        | Noticed a worker ant
    12 | D        | Noticed a necrophage
    12 | D        | Noticed a necrophage
    12 | D        | Noticed a necrophage
    12 | D        | Noticed a necrophage
    20 | D        | Killed a necrophage
    20 | D        | Reached skill level 6 in Dodging
    20 | D        | Reached skill level 7 in Stealth
    20 | D        | Reached skill level 5 in Spellcasting
    20 | D        | Reached skill level 5 in Hexes
    20 | D        | Reached XP level 2. HP: 13/13 MP: 5/9
    20 | D        | Reached XP level 3. HP: 16/16 MP: 6/11
    20 | D        | Reached XP level 4. HP: 21/21 MP: 6/12
    28 | D        | Killed a necrophage
    28 | D        | Reached skill level 8 in Dodging
    28 | D        | Reached skill level 9 in Stealth
    28 | D        | Reached XP level 5. HP: 24/24 MP: 6/15
    33 | D        | Killed a necrophage
    33 | D        | Reached skill level 10 in Stealth
    68 | D        | Killed a necrophage
    68 | D        | Reached skill level 5 in Short Blades
    68 | D        | Reached skill level 10 in Dodging
    68 | D        | Reached skill level 11 in Stealth
    68 | D        | Reached XP level 6. HP: 28/28 MP: 10/18
    84 | D        | Learned a level 2 spell: Ensorcelled Hibernation
    88 | D        | Learned a level 3 spell: Confuse
    92 | D        | Learned a level 3 spell: Tukima's Dance
    96 | D        | Learned a level 3 spell: Dazzling Spray
   137 | D        | Noticed a worker ant
   137 | D        | Noticed a worker ant
   138 | D        | Killed a worker ant
   139 | D        | Killed a worker ant
   141 | D        | Killed a worker ant
   144 | D        | Killed a worker ant
   144 | D        | Reached skill level 1 in Ice Magic
   160 | D        | Killed a hippogriff
   160 | D        | Reached skill level 12 in Stealth
   160 | D        | Reached skill level 1 in Conjurations
   160 | D        | Reached XP level 7. HP: 22/32 MP: 14/21
   162 | D        | Killed a hippogriff
   268 | D        | Killed a boulder beetle
   268 | D        | Reached skill level 13 in Stealth
   268 | D        | Reached skill level 10 in Spellcasting
   279 | D        | Killed a boulder beetle
   279 | D        | Reached XP level 8. HP: 36/36 MP: 21/23
   288 | D        | Noticed a lava snake
   289 | D        | Noticed a lava snake
   290 | D        | Noticed Menkaure
   291 | D        | Found Suaddec's Gadget Shoppe.
   292 | D        | Killed Menkaure
   309 | D        | Noticed a flying skull
   309 | D        | Noticed a flying skull
   309 | D        | Noticed a flying skull
   310 | D        | Noticed a flying skull
   310 | D        | Noticed a flying skull
   310 | D        | Noticed a flying skull
   310 | D        | Noticed a flying skull
   311 | D        | Noticed a flying skull
   311 | D        | Noticed a flying skull
   313 | D        | Found Qin Heja's Antique Armour Emporium.
   314 | D        | Found Kiapnen's Magic Scroll Shoppe.
   315 | D        | Found Pifuhoodwa's Antique Weapon Shoppe.
   315 | D        | Found Xiat Kily's Book Emporium.
   315 | D        | Found Soug Dos's Jewellery Shoppe.
   316 | D        | Noticed a vampire mosquito
   320 | D        | Killed a vampire mosquito
   324 | D        | Found Edosast's Antique Armour Emporium.
   324 | D        | Found Iliram's Book Shoppe.
   326 | D        | Found Dob Edimpa's Magic Scroll Shoppe.
   326 | D        | Found Zyfait's Distillery.
   327 | D        | Found Xupneoco's Food Shoppe.
   327 | D        | Found Osonean's Jewellery Emporium.
   328 | D        | Found Tumub's Weapon Shoppe.
   328 | D        | Found Mocagh's Distillery.
   328 | D        | Noticed a spiny frog
   329 | D        | Found Dyplut's Antique Weapon Emporium.
   332 | D        | Noticed a spiny frog
   332 | D        | Noticed an oklob plant
   333 | D        | Found Icuytseo's Book Shoppe.
   335 | D        | Noticed a wyvern
   338 | D        | Noticed a wyvern
   342 | D        | Noticed a polar bear
   373 | D        | Bought a glowing robe for 13 gold pieces
   387 | D        | Bought a scroll of blinking for 75 gold pieces
   387 | D        | Bought a scroll of magic mapping for 35 gold pieces
   387 | D        | Bought a scroll of identify for 20 gold pieces
   387 | D        | Bought a scroll of identify for 20 gold pieces
   392 | D        | Bought a book of Clouds for 540 gold pieces
   396 | D        | Learned a level 3 spell: Mephitic Cloud
   403 | D        | Learned a level 6 spell: Freezing Cloud
   410 | D        | Learned a level 6 spell: Poisonous Cloud
   444 | D        | Noticed a kraken
   480 | D        | Slain by a kraken

Vault maps used:
D:        the_violet_keep_of_menkaure

Action                   |  1- 3 |  4- 6 |  7- 9 || total
-------------------------+-------+-------+-------++-------
Melee: Dagger            |     5 |    47 |    19 ||    71
 Cast: Corona            |       |     1 |       ||     1
       Ensorcelled Hiber |       |     3 |     1 ||     4
       Mephitic Cloud    |       |       |     2 ||     2
       Dazzling Spray    |       |       |     2 ||     2
       Confuse           |       |       |     1 ||     1
  Use: Potion            |     1 |     1 |       ||     2
       Scroll            |       |       |     1 ||     1
 Stab: Sleeping          |       |     5 |     4 ||     9
       Confused          |       |       |     2 ||     2
       Invisible         |       |       |     1 ||     1
